 Dungeon Crawl Stone Soup version 0.29-a0-613-gf2c431b9b9 (webtiles) character file.

Game seed: 14975353007513783749

300 Hubjo the Changer (level 6, -1/46 HPs)
             Began as a Demonspawn Transmuter on June 16, 2022.
             Slain by Grinder (8 damage)
             ... on level 3 of the Dungeon.
             The game lasted 00:02:54 (2843 turns).

Hubjo the Changer (Demonspawn Transmuter)           Turns: 2843, Time: 00:02:54

Health: -1/46      AC:  2    Str: 10    XL:     6   Next: 13%
Magic:  10/10      EV: 12    Int: 14    God:
Gold:   55         SH:  0    Dex: 16    Spells: 5/10 levels left

rFire   . . .      SeeInvis .     - Unarmed
rCold   . . .      Faith    .   (no shield)
rNeg    + . .      Spirit   .   f - +0 robe {rN+}
rPois   .          Reflect  .   (helmet currently unavailable)
rElec   .          Harm     .   (no cloak)
rCorr   .          Rampage  .   (no gloves)
Will    .....                   (boots currently unavailable)
Stlth   ++........              (no amulet)
HPRegen 0.15/turn               (no ring)
MPRegen 0.12/turn               (no ring)

@: appendages (expiring)
A: talons 2, horns 1, demonic guardian 2
a: End Transformation


You were on level 3 of the Dungeon.
You had temporarily grown beastly talons.
You visited 1 branch of the dungeon, and saw 3 of its levels.

You collected 55 gold pieces.

Inventory:

Armour
 a - a +0 robe
 f - a +0 robe of positive energy (worn)
Wands
 l - a wand of flame (14)
Scrolls
 c - a scroll of fog
 e - 2 scrolls of enchant weapon
 h - a scroll of immolation
 j - a scroll of teleportation
 k - a scroll of amnesia
Potions
 b - 3 potions of lignification
 g - a potion of brilliance {unknown}
 i - a potion of degeneration {unknown}
 m - a potion of flight {unknown}
 n - a potion of heal wounds {unknown}
 o - a potion of magic {unknown}
 p - 3 potions of curing {unknown}


   Skills:
 + Level 2.9 Fighting
 - Level 1.7 Dodging
 + Level 2.2 Stealth
 + Level 3.5 Unarmed Combat
 + Level 2.9 Spellcasting
 * Level 3.5 Transmutations


You had 5 spell levels left.
You knew the following spells:

 Your Spells              Type           Power      Damage    Failure   Level
a - Beastly Appendage     Tmut           22%        N/A       5%          1
b - Ice Form              Ice/Tmut       6%         N/A       71%         4

Your spell library contained the following spells:

 Spells                   Type           Power      Damage    Failure   Level
 Wereblood                Tmut           11%        N/A       8%          2
 Necrotize                Necr           8%         1d4       22%         1
 Spider Form              Tmut/Pois      6%         N/A       32%         3
 Vampiric Draining        Necr           2%         2d6       54%         3
 Agony                    Necr           2%         N/A       99%         5


Dungeon Overview and Level Annotations

Branches:
Dungeon (3/15)

Altars:

Annotations:
D:3 Grinder


Innate Abilities, Weirdness & Mutations

You have temporarily grown beastly talons.
You have a pair of small horns on your head.
A demonic guardian rushes to your aid.


Message History

k - a scroll of amnesia You climb downwards.
The kobold shouts!
There is a stone staircase leading up here.
Your feet morph into talons.
The kobold throws a stone.
The stone hits you.
Grinder says, "You look like you could use a good racking."
You hit Grinder. Your kick misses Grinder.
Grinder is lightly wounded.
You hit Grinder but do no damage. You claw Grinder.
Grinder is lightly wounded.
Grinder hits you!
You writhe in agony.
You closely miss Grinder. You claw Grinder.
Grinder is lightly wounded.
Grinder hits you! The kobold completely misses you.
You hit Grinder. Your kick misses Grinder. You headbutt Grinder.
Grinder is moderately wounded.
Grinder misses you. The kobold barely misses you.
You hit Grinder. Your kick misses Grinder.
Grinder is heavily wounded.
Grinder hits you.
You writhe in agony.
The kobold hits you with a +0 dagger.
You hit Grinder. Your headbutt misses Grinder.
Grinder is severely wounded.
Your transformation is almost over.
Grinder misses you. The kobold hits you with a +0 dagger.
You barely miss Grinder. You claw Grinder. Your headbutt misses Grinder.
Grinder is severely wounded.
Grinder gestures at you. Pain shoots through your body!
* * * LOW HITPOINT WARNING * * *
The kobold barely misses you.
You hit Grinder. Your kick misses Grinder. Your headbutt misses Grinder.
Grinder is almost dead.
Grinder barely misses you. The kobold hits you with a +0 dagger.
* * * LOW HITPOINT WARNING * * *
A demonic guardian appears!
You closely miss Grinder. Your kick misses Grinder.
Grinder is almost dead.
Grinder hits you!
You die...

## ###
..#####.#
.......#
#.....# #
+.....#.#
#..4..#.#
#.......#.#
#...K@5...#
###########


You could see Grinder, a kobold (ally target) and a friendly rust devil
(summoned).

Vanquished Creatures
  Sigmund (D:2)
  Natasha (thrice) (D:2)
  An adder (D:2)
  A dart slug (D:1)
  6 endoplasms
  2 giant cockroaches
  6 goblins
  5 hobgoblins (D:1)
  6 jackals (D:1)
  3 quokkas
  4 ball pythons
  A bat (D:1)
  2 frilled lizards (D:1)
  4 kobolds
  4 rats
49 creatures vanquished.

Vanquished Creatures (collateral kills)
  An endoplasm (D:2)
1 creature vanquished.

Grand Total: 50 creatures vanquished

Notes
Turn   | Place    | Note
-------+----------+-------------------------------------------
     0 | D:1      | Hubjo the Demonspawn Transmuter began the quest for the
                  | Orb.
     0 | D:1      | Reached XP level 1. HP: 15/15 MP: 3/3
   278 | D:1      | Gained mutation: A weak demonic guardian rushes to your
                  | aid. [demonic ancestry]
   278 | D:1      | Reached XP level 2. HP: 21/21 MP: 3/5
  1041 | D:1      | Gained mutation: A demonic guardian rushes to your aid.
                  | [demonic ancestry]
  1041 | D:1      | Reached XP level 3. HP: 22/27 MP: 4/6
  1512 | D:2      | Noticed Sigmund
  1533 | D:2      | Killed Sigmund
  1534 | D:2      | Reached skill level 1 in Stealth
  1534 | D:2      | Reached XP level 4. HP: 6/34 MP: 6/8
  1534 | D:2      | Reached XP level 5. HP: 7/39 MP: 6/9
  1539 | D:2      | Learned a level 4 spell: Ice Form
  2438 | D:2      | Noticed Natasha
  2447 | D:2      | Killed Natasha
  2533 | D:2      | Noticed Natasha
  2547 | D:2      | Killed Natasha
  2548 | D:2      | Mutation became permanent: You have a pair of small horns
                  | on your head. [demonic ancestry]
  2548 | D:2      | Gained mutation: You have a pair of horns on your head.
                  | [demonic ancestry]
  2548 | D:2      | Reached XP level 6. HP: 13/46 MP: 10/10
  2749 | D:2      | Noticed Natasha
  2758 | D:2      | Killed Natasha
  2831 | D:3      | Noticed Grinder
  2843 | D:3      | Slain by Grinder

Illustrated notes

Levels and vault maps discovered:
D:1:      eino_arrival_tree_alley, layout_loops_cross, minmay_misc_feat_room,
          minmay_small_reverse_x
D:2:      layout_rooms, uniq_natasha, uniq_sigmund
D:3:      layout_basic, dreamdust_ecumenical_altar_hidden_monk_grotto,
          grunt_ministairs_12, minmay_surrounded, uniq_grinder, uniq_robin

Skill      XL: |  1  2  3  4  5 |
---------------+----------------+-----
Transmutations | 2 3 |  3.5
Fighting       | 2 |  2.9
Unarmed Combat | 3 |  3.5
Stealth        | 1 2 |  2.2
Dodging        | |  1.7
Spellcasting   | |  2.9

Action                   |  1- 3 |  4- 6 || total
-------------------------+-------+-------++-------
Melee: Unarmed           |    86 |    57 ||   143
       Kick              |    23 |    17 ||    40
       Headbutt          |     9 |    10 ||    19
       Punch             |     1 |     2 ||     3
 Cast: Beastly Appendage |    20 |    13 ||    33
  Use: Potion            |     1 |       ||     1
       Scroll            |       |     5 ||     5
 Stab: Sleeping          |     2 |     1 ||     3
Armor: Robe              |    10 |     5 ||    15
       Skin              |     1 |       ||     1
Dodge: Dodged            |    44 |    29 ||    73

Table legend: (Time is in decaauts)
 A = Elapsed time spent in this place.
 B = Non-inter-level travel time spent in this place.
 C = Inter-level travel time spent in this place.
 D = Time resting spent in this place.
 E = Time spent auto-exploring this place.
 F = Levels seen in this place.
 G = Mean time per level.
                   A        B        C        D        E       F      G
               +--------+--------+--------+--------+--------+-----+--------+
         Total |   2834 |   2812 |     22 |      0 |   2446 |   3 |  944.7 |
       Dungeon |   2834 |   2812 |     22 |      0 |   2446 |   3 |  944.7 |
               +--------+--------+--------+--------+--------+-----+--------+

Top non-repeatable levels by time:
     D:1: 1459 daAuts
     D:2: 1364 daAuts
     D:3: 11 daAuts
